 Dungeon Crawl Stone Soup version 0.32-a0-540-g866d13106e (webtiles) character file.

Game seed: 17045094518423793796

2572 grandjackal the Fighter (level 9, -13/76 HPs)
             Began as a Mummy Fighter on Feb 29, 2024.
             Mangled by a two-headed ogre
             ... wielding a +0 giant club
              (17 damage)
             ... on level 7 of the Dungeon.
             The game lasted 00:08:26 (7004 turns).

grandjackal the Fighter (Mummy Fighter)             Turns: 7004, Time: 00:08:26

Health: -13/76     AC: 10    Str: 23    XL:     9   Next: 32%
Magic:  0/9        EV:  8    Int:  7    God:
Gold:   388        SH:  5    Dex: 12    Spells: 8/8 levels left

rFire   + . .        a - +0 war axe
rCold   + + .        c - +0 buckler
rNeg    + + +        o - +0 chain mail
rPois   ∞            g - +0 helmet
rElec   .            b - scarf {rC+ rF+}
rCorr   .            (no gloves)
SInv    .            (no boots)
Will    +....        u - amulet of guardian spirit Stlth
                     k - ring of fire
HPRegen 0.32/turn    j - ring of protection from cold
MPRegen 0.11/turn

%: guardian spirit, faith
@: no status effects
A: cold resistance 1, negative energy resistance 3, torment resistance 2, heat
vulnerability 1, in touch with death 1, no potions, faith
a: no special abilities


You were on level 7 of the Dungeon.
You visited 2 branches of the dungeon, and saw 8 of its levels.
You also visited: Ossuary.

You collected 388 gold pieces.

Inventory:

Hand Weapons
 a - a +0 war axe (weapon)
 t - a +5 trident
Missiles
 e - 14 boomerangs (quivered)
Armour
 b - a scarf of resistance (worn)
 c - a +0 buckler (worn)
 g - a +0 helmet (worn)
 o - a +0 chain mail (worn)
Jewellery
 j - a ring of protection from cold (right hand)
 k - a ring of fire (left hand)
 r - a ring of see invisible
 u - an amulet of guardian spirit (around neck)
Wands
 l - a wand of polymorph (6)
 q - a wand of flame (28)
Scrolls
 d - 3 scrolls of enchant armour {unknown}
 f - 8 scrolls of identify {unknown}
 h - 6 scrolls of teleportation {unknown}
 i - a scroll of amnesia {unknown}
 m - 5 scrolls of vulnerability {unknown}
 n - 2 scrolls of poison {unknown}
 p - a scroll of fear {unknown}
 s - a scroll of revelation {unknown}


   Skills:
 + Level 9.0 Fighting
 + Level 7.2 Axes
 - Level 3.0 Armour
 - Level 4.0 Shields


You had 8 spell levels left.
You didn't know any spells.
Your spell library contained the following spells:

 Spells                   Type           Power      Damage    Failure   Level
 Malign Gateway           Summ/Tloc      0%         N/A       100%        7
 Summon Horrible Things   Summ           0%         N/A       100%        8


Dungeon Overview and Level Annotations

Branches:
Dungeon (7/15)             Temple (1/1) D:5         Ossuary (visited)

Altars:
Ashenzari
Cheibriados
Dithmenos
Fedhas
Hepliaklqana
Kikubaaqudgha
Makhleb
Okawaru
Qazlal
Ru
Sif Muna
Trog
Uskayaw
Vehumet
Xom
Yredelemnul

Shops:
D:5 :*([?

Annotations:
D:4 1 runed translucent door, Crazy Yiuf


Innate Abilities, Weirdness & Mutations

You are immune to poison.
Your flesh is cold resistant. (rC+)
You are immune to negative energy. (rN+++)
You are immune to unholy pain and torment.
You are vulnerable to heat. (rF-)
You are in touch with the powers of death.
You do not drink.
You have a special connection with the divine. (Faith)


Message History

Aim: a two-headed ogre, wielding two +0 giant clubs (lightly wounded, 74% to hit)
You throw a boomerang.
The boomerang hits the two-headed ogre but does no damage.
The two-headed ogre is lightly wounded.
Throw: 15 boomerangs
Press: ? - help, Q - select action, (/) - cycle Shift-Dir - straight line, f/p - two-headed ogre
Aim: a two-headed ogre, wielding two +0 giant clubs (lightly wounded, 74% to hit)
You throw a boomerang.
The boomerang hits the two-headed ogre and shatters for extra damage!
The two-headed ogre is moderately wounded.
You slash the two-headed ogre!
The two-headed ogre is moderately wounded.
You block the two-headed ogre's attack.
The two-headed ogre hits you with a +0 giant club.
You hit the two-headed ogre.
The two-headed ogre is moderately wounded.
You hit the two-headed ogre.
The two-headed ogre is moderately wounded.
The two-headed ogre hits you with a +0 giant club!
The two-headed ogre hits you with a +0 giant club.
You barely miss the two-headed ogre.
The two-headed ogre is moderately wounded.
The two-headed ogre barely misses you.
The two-headed ogre hits you with a +0 giant club!!
You slash the two-headed ogre!
The two-headed ogre is heavily wounded.
The two-headed ogre hits you with a +0 giant club!
The two-headed ogre completely misses you.
You slash the two-headed ogre!
The two-headed ogre is severely wounded.
The two-headed ogre hits you with a +0 giant club!!
* * * LOW HITPOINT WARNING * * *
The two-headed ogre hits you with a +0 giant club!
* * * LOW HITPOINT WARNING * * *
You barely miss the two-headed ogre.
The two-headed ogre is severely wounded.
You closely miss the two-headed ogre.
The two-headed ogre is severely wounded.
The two-headed ogre hits you with a +0 giant club!!
You die...

#..... #....# #....#
########....# #...........# ###
+...........#######.#
#........†......#...#######
#####...............')..#.....#
[............O@.....#..#......#
......................#..#.....##
......................#..#.......
............######....#..##....##
.. .........#....'....#..##....##
#######.....+....#....#..##....##
#.....#.....#....#....'...+......
#.....#.....#....#....#...#......
#.....#O.........#....#..##....##


You could see a two-headed ogre.

Vanquished Creatures
  Grinder (D:5)
  Sigmund (D:3)
  Edmund (D:5)
  Duvessa (D:6)
  3 black bears
  An ice beast (D:5)
  A centaur (D:5)
  2 elf zombies (Ossuary)
  A bullfrog (D:6)
  2 scorpions
  5 wights (D:6)
  Dowan (D:6)
  2 centaur zombies (Ossuary)
  3 hounds
  3 human zombies (Ossuary)
  A jelly (D:7)
  3 orc priests
  A bombardier beetle (D:4)
  A gnoll bouda (D:4)
  2 iguanas
  An orc wizard (D:6)
  4 hound zombies (Ossuary)
  3 mummies
  8 gnolls
  5 adders
  A white imp (D:7)
  4 ufetubi (D:6)
  3 adder zombies (Ossuary)
  2 ribbon worms
  5 dart slugs
  27 orcs
  9 endoplasms
  A giant cockroach (D:1)
  5 gnoll zombies (Ossuary)
  10 goblins
  9 hobgoblins
  3 jackals (D:5)
  7 quokkas
  5 ball pythons
  9 bats
  6 frilled lizards
  A goblin zombie (D:6)
  A hobgoblin zombie (D:6)
  5 jackal zombies (Ossuary)
  4 kobolds
  4 kobold zombies (Ossuary)
  8 orc zombies (Ossuary)
  5 rats
191 creatures vanquished.

Notes
Turn   | Place    | Note
-------+----------+-------------------------------------------
     0 | D:1      | grandjackal the Mummy Fighter began the quest for the Orb.
     0 | D:1      | Reached XP level 1. HP: 18/18 MP: 1/1
    91 | D:1      | Reached XP level 2. HP: 24/24 MP: 2/2
   362 | D:1      | Reached XP level 3. HP: 29/29 MP: 3/3
   622 | D:2      | Found a faded altar of an unknown god.
   888 | D:2      | Reached XP level 4. HP: 37/37 MP: 4/4
  1840 | D:3      | Found a shimmering blue altar of Sif Muna.
  1844 | D:3      | Reached skill level 4 in Fighting
  2010 | D:3      | Noticed Sigmund
  2014 | D:3      | Killed Sigmund
  2015 | D:3      | Reached XP level 5. HP: 33/43 MP: 5/5
  2015 | D:3      | Reached XP level 6. HP: 37/49 MP: 6/6
  2179 | D:3      | Found a bloodstained altar of Trog.
  2367 | D:3      | Found a burning altar of Makhleb.
  2367 | D:3      | Noticed an Executioner
  2384 | D:3      | Found a hazy altar of Hepliaklqana.
  2592 | D:4      | Reached skill level 5 in Fighting
  2619 | D:4      | Found a snail-covered altar of Cheibriados.
  2886 | D:4      | Found a runed translucent door.
  2887 | D:4      | Noticed Crazy Yiuf
  2946 | D:4      | Reached XP level 7. HP: 25/56 MP: 7/7
  3113 | D:4      | Found a basalt altar of Yredelemnul.
  3347 | D:5      | Entered Level 5 of the Dungeon
  3715 | D:5      | Reached skill level 6 in Fighting
  3943 | D:5      | Found a staircase to the Ecumenical Temple.
  3955 | Temple   | Entered the Ecumenical Temple
  4068 | D:5      | Found Mear's General Store.
  4072 | D:5      | Found Goel's Antique Armour Emporium.
  4072 | D:5      | Found Orujotuk's Antique Weapon Emporium.
  4073 | D:5      | Found Lein's Magic Scroll Emporium.
  4232 | D:5      | Reached skill level 5 in Axes
  4232 | D:5      | Reached XP level 8. HP: 29/65 MP: 8/8
  4476 | D:5      | Noticed Edmund
  4488 | D:5      | Killed Edmund
  4635 | D:5      | Found Gonip's Tremendous Tomes.
  4655 | D:5      | Noticed Grinder
  4679 | D:5      | Killed Grinder
  4680 | D:5      | Reached skill level 7 in Fighting
  5040 | D:6      | Found a radiant altar of Vehumet.
  5181 | D:6      | Found a sand-covered staircase.
  5280 | Ossuary  | Entered an ossuary
  5322 | Ossuary  | Reached skill level 8 in Fighting
  5433 | Ossuary  | Reached XP level 9. HP: 45/75 MP: 9/9
  6316 | D:6      | Noticed Dowan
  6317 | D:6      | Noticed Duvessa
  6328 | D:6      | Killed Duvessa
  6334 | D:6      | Killed Dowan
  6474 | D:6      | Found an iron altar of Okawaru.
  6851 | D:7      | Reached skill level 9 in Fighting
  6905 | D:7      | Found a broken altar of Ashenzari.
  6966 | D:7      | Noticed a two-headed ogre
  7002 | D:7      | HP: 3/76 [two-headed ogre/+0 giant club (10)]
  7004 | D:7      | Mangled by a two-headed ogre

Illustrated notes

Levels and vault maps discovered:
D:1:      minmay_arrival_split_and_join, layout_basic
D:2:      kb_forest_paths, layout_basic, nicolae_ecumenical_pavilion
D:3:      layout_loops_ring, mainiacjoe_overflow_paths,
          nzn_hepliaklqana_mist_gate, makhleb_altar_promises_db, trog_book,
          uniq_sigmund
D:4:      layout_rooms, slow_altar_2, kennysheep_mini,
          kennysheep_generic_room_14, uniq_crazy_yiuf_cottage
D:5:      layout_basic, minmay_temple_entry_junction_2,
          nicolae_shop_i_like_big_books, grunt_ministairs_3,
          minmay_shop_grid_forest, uniq_edmund, uniq_grinder
D:6:      layout_basic, pf_just_have_faith, mainiacjoe_overflow_boulevard,
          nicolae_ossuary_entry_giza, uniq_duvessa
D:7:      layout_gridville, mainiacjoe_overflow_tiny_flanked,
          hangedman_decor_lopped
Temple:   dpeg_three_leaves_temple

Skill      XL: |  1  2  3  4  5  6  7  8  9 |
---------------+----------------------------+-----
Axes           | 2 3 5 6 7 |  7.2
Shields        | 3 4 |  4.0
Fighting       | 4 5 6 8 9 |  9.0
Armour         | 3 |  3.0

Action                     |  1- 3 |  4- 6 |  7- 9 || total
---------------------------+-------+-------+-------++-------
  Melee: War axe           |   101 |   136 |   402 ||   639
  Throw: Boomerang         |       |       |     8 ||     8
 Armour: Scale mail        |   110 |   125 |    57 ||   292
         Chain mail        |       |       |   323 ||   323
  Dodge: Dodged            |    62 |    57 |   159 ||   278
  Block: Buckler           |    26 |    30 |   108 ||   164

Table legend: (Time is in decaauts)
 A = Elapsed time spent in this place.
 B = Non-inter-level travel time spent in this place.
 C = Inter-level travel time spent in this place.
 D = Time resting spent in this place.
 E = Time spent auto-exploring this place.
 F = Levels seen in this place.
 G = Mean time per level.
                   A        B        C        D        E       F      G
               +--------+--------+--------+--------+--------+-----+--------+
         Total |   7197 |   6961 |    236 |   1431 |   3854 |   9 |  799.7 |
       Dungeon |   6852 |   6616 |    236 |   1361 |   3843 |   7 |  978.9 |
        Temple |      9 |      9 |      0 |      0 |      0 |   1 |    9.0 |
       Ossuary |    335 |    335 |      0 |     70 |     11 |   1 |  335.0 |
               +--------+--------+--------+--------+--------+-----+--------+

Top non-repeatable levels by time:
     D:6: 1638 daAuts
     D:5: 1339 daAuts
     D:4: 1219 daAuts
     D:2: 1020 daAuts
     D:3: 822 daAuts
     D:1: 646 daAuts
 Ossuary: 335 daAuts
     D:7: 165 daAuts
  Temple: 9 daAuts
